 Dungeon Crawl Stone Soup version 0.21-a0-264-g3e31e41 (webtiles) character file.

26 impasse the Sneak (level 3, -1/21 HPs)
             Began as an Octopode Fire Elementalist on Sept 9, 2017.
             Slain by an iguana (11 damage)
             ... on level 2 of the Dungeon.
             The game lasted 00:04:10 (1343 turns).

impasse the Sneak (Octopode Fire Elementalist)      Turns: 1343, Time: 00:04:11

Health: -1/21      AC:  1    Str: 12    XL:     3   Next: 8%
Magic:  6/6        EV: 13    Int: 18    God:
Gold:   60         SH:  0    Dex: 12    Spells: 4/7 levels left

rFire    . . .     SeeInvis .   k - +0 short sword
rCold    . . .     Gourm    .   (no shield)
rNeg     . . .     Faith    .   (helmet restricted)
rPois    .         Spirit   .   (no amulet)
rElec    .         Reflect  .   (no ring)
rCorr    .         Harm     .   (no ring)
MR       .....                  (no ring)
Stlth    +++.......             (no ring)
HPRegen  0.07/turn              (no ring)
MPRegen  0.10/turn              (no ring)
                                (no ring)
                                (no ring)

@: mighty
A: almost no armour, stealthy swim, amphibious, 8 rings, constrict 8, camouflage
1, gelatinous body 1
a: no special abilities


You were on level 2 of the Dungeon.
You were not hungry.

You visited 1 branch of the dungeon, and saw 2 of its levels.

You collected 60 gold pieces.

Inventory:

Hand Weapons
 e - a +0 mace
 k - a +0 short sword (weapon)
Missiles
 i - 38 stones (quivered)
Armour
 n - a +0 pair of gloves
Scrolls
 d - 2 scrolls of identify {unknown}
 f - 2 scrolls of remove curse {unknown}
 h - a scroll of immolation {unknown}
 j - 3 scrolls of amnesia {unknown}
 l - 2 scrolls of teleportation {unknown}
Books
 a - a book of Flames

   Spells                             Type                      Level
   a - Flame Tongue                   Conjuration/Fire             1
   b - Throw Flame                    Conjuration/Fire             2
   c - Conjure Flame                  Conjuration/Fire             3
   d - Inner Flame                    Hexes/Fire                   3
   e - Sticky Flame                   Conjuration/Fire             4
   f - Fireball                       Conjuration/Fire             5
Comestibles
 b - a bread ration
 g - 2 meat rations
 m - 3 chunks of flesh


   Skills:
 - Level 2.0 Dodging
 + Level 3.2 Stealth
 + Level 2.5 Spellcasting
 + Level 1.4 Conjurations
 + Level 3.2 Fire Magic


You had 4 spell levels left.
You knew the following spells:

 Your Spells              Type           Power        Failure   Level  Hunger
a - Flame Tongue          Conj/Fire      ##...        7%          1    #......
b - Throw Flame           Conj/Fire      ##....       10%         2    ##.....


Dungeon Overview and Level Annotations

Branches:
Dungeon (2/15)

Altars:


Innate Abilities, Weirdness & Mutations

You cannot wear most types of armour.
You are very stealthy in the water. (Stealth+)
You are amphibious.
You can wear up to eight rings at the same time.
You can use your tentacles to constrict eight enemies at once.
Your skin changes colour to match your surroundings (Stealth+).
Your rubbery body absorbs attacks. (AC +1, EV +1)


Message History

Unknown command.
You aren't carrying any items that you can evoke.
Unknown command.
Casting: Flame Tongue
Confirm with . or Enter, or press ? or * to list all spells.
Okay, then.
Unknown command.
Press: ? - help, v - describe, . - travel
Here: an iguana The floor.
You feel very mighty all of a sudden.
You hit the iguana. You grab the iguana.
The iguana is moderately wounded.
You constrict the iguana, but do no damage.
The iguana closely misses you.
You hit the iguana. You squeeze the iguana.
The iguana is severely wounded.
You constrict the iguana. The iguana bites you!
Ouch! That really hurt!
You die...

#.# #.## .<...
#.###S.# #...#
.).##..# ...#
...##.)#####..#
...##...(†.(..#+###
..................#
....##..####.#....#
#.#.###.####.#.l..#
#.#........#.#..@.#
#.#........#.#....#
#.#%.......#.#....#
#.##.......#.#....#
#$##.......#.#....#
#. ....... ######
...#..# #!##... .l
.#


You could see an iguana.

Vanquished Creatures
  An adder (D:2)
  A giant cockroach (D:2)
  2 goblins (D:2)
  3 hobgoblins
  4 kobolds (D:1)
  3 bats
  A frilled lizard (D:1)
  A rat (D:1)
16 creatures vanquished.

Notes
Turn   | Place    | Note
-------+----------+-------------------------------------------
     0 | D:1      | impasse the Octopode Fire Elementalist began the quest for the Orb.
     0 | D:1      | Reached XP level 1. HP: 11/11 MP: 3/3
   495 | D:1      | Reached XP level 2. HP: 17/17 MP: 1/5
  1043 | D:2      | Learned a level 2 spell: Throw Flame
  1241 | D:2      | Reached XP level 3. HP: 10/21 MP: 2/6
  1343 | D:2      | Slain by an iguana

Vault maps used:
D:1:      dpeg_arrival_boxes_within_box, minivault_11, minmay_tromino_v4_a
D:2:      first_bread

Skill      XL: |  1  2 |
---------------+-------+-----
Stealth        | 3 |  3.2
Dodging        | |  2.0
Spellcasting   | |  2.5
Conjurations   | |  1.4
Fire Magic     | |  3.2

Action                   || total
-------------------------++-------
Melee: Constrict         ||     4
       Tentacles         ||     3
       Unarmed           ||     1
       Short sword       ||    11
Throw: Stone             ||     5
 Cast: Flame Tongue      ||    22
       Throw Flame       ||     1
  Use: Potion            ||     2
 Stab: Sleeping          ||     1
  Eat: Chunk             ||     2
Armor: Skin              ||     7
Dodge: Dodged            ||    28

Table legend:
 A = Spawn XP
 B = Non-spawn XP
 C = Spawn XP percentage of total XP
 D = Spawn monster count
 E = Non-spawn monster count
 F = Spawn count percentage of total count
 G = Total turns spent on level
                    A         B        C        D         E        F      G
               +---------+---------+-------+---------+---------+-------+---------
         Total |       0 |      38 |   0.0 |       0 |      16 |   0.0 |  1343
               +---------+---------+-------+---------+---------+-------+---------
           D:1 |       0 |      13 |   0.0 |       0 |       9 |   0.0 |  1008
           D:2 |       0 |      25 |   0.0 |       0 |       7 |   0.0 |   335
               +---------+---------+-------+---------+---------+-------+---------
